 Seeded DCSS version 0.30-a0-728-gc68057be0a (webtiles) character file.

Game seed: 2592914341107825697 (custom seed)

7910 BigDaddyOpFi the Cleaver (level 11, -9/101 HPs)
             Began as a Hill Orc Fighter on Jan 27, 2023.
             Was a Priest of Beogh.
             Mangled by a large slime creature (31 damage)
             ... on level 10 of the Dungeon on Jan 30, 2023.
             The game lasted 00:09:41 (9451 turns).

BigDaddyOpFi the Cleaver (Hill Orc Fighter)         Turns: 9451, Time: 00:09:42

Health: -9/101     AC: 20    Str: 24    XL:     11   Next: 22%
Magic:  8/11       EV: 12    Int:  8    God:    Beogh [***...]
Gold:   2235       SH:  7    Dex: 10    Spells: 10/10 levels left

rFire   . . .      SeeInvis +    x - +2 war axe (freeze)
rCold   . . .      Faith    .    c - +1 buckler
rNeg    . . .      Spirit   .    d - +0 plate armour
rPois   .          Reflect  .    k - +0 helmet
rElec   .          Harm     .    z - +2 cloak
rCorr   .          Rampage  .    J - +0 pair of gloves
Will    .....                    (no boots) Stlth
                                 (no amulet)
HPRegen 0.36/turn                G - +5 ring of evasion
MPRegen 0.12/turn                u - ring of see invisible

@: hasted, very quick
A: no striking features
a: Renounce Religion, Smiting


You were on level 10 of the Dungeon.
You worshipped Beogh.
Beogh was most pleased with you.
You visited 1 branch of the dungeon, and saw 10 of its levels.
You also visited: Sewer.

You collected 2235 gold pieces.

Inventory:

Hand Weapons
 a - a +1 war axe
 x - a +2 war axe of freezing (weapon)
Missiles
 B - 2 throwing nets (quivered)
Armour
 b - a +0 scale mail
 c - a +1 buckler (worn)
 d - a +0 plate armour (worn)
 e - the +4 ring mail of Shielding {Regen+}
   (You acquired it on level 2 of the Dungeon)

   Regen:     It increases your rate of health regeneration.
 k - a +0 helmet (worn)
 z - a +2 cloak (worn)
 J - a +0 pair of gloves (worn)
Jewellery
 h - a ring of wizardry
 l - a ring of magical power
 n - a ring of fire
 u - a ring of see invisible (right hand)
 D - an amulet of the acrobat
 E - an amulet of faith
 G - a +5 ring of evasion (left hand)
Wands
 m - a wand of mindburst (24)
 o - a wand of flame (36)
 H - a wand of quicksilver (9)
 K - a wand of polymorph (10)
Scrolls
 g - a scroll of torment {unknown}
 i - 2 scrolls of teleportation
 p - a scroll of amnesia {unknown}
 r - 5 scrolls of identify
 t - 4 scrolls of magic mapping
 y - a scroll of blinking
 F - a scroll of brand weapon {unknown}
Potions
 f - 3 potions of degeneration
 j - a potion of ambrosia {unknown}
 q - 5 potions of brilliance
 s - 5 potions of attraction
 v - 3 potions of lignification
 A - a potion of cancellation
 C - 3 potions of flight
 I - 2 potions of might
 L - a potion of magic {unknown}


   Skills:
 + Level 10.8 Fighting
 + Level 11.5 Axes
 + Level 10.0 Armour
 + Level 10.0 Shields


You had 10 spell levels left.
You didn't know any spells.
Your spell library contained the following spells:

 Spells                   Type           Power      Damage    Failure   Level
 Freeze                   Ice            0%         1d3       99%         1
 Sandblast                Erth           0%         2d4       99%         1
 Slow                     Hex            0%         N/A       99%         1
 Passwall                 Tmut/Erth      0%         N/A       100%        2
 Sublimation of Blood     Necr           0%         N/A       100%        2
 Confusing Touch          Hex            0%         N/A       100%        3
 Frozen Ramparts          Ice            0%         1d1       100%        3
 Hailstorm                Conj/Ice       0%         3d3       100%        3
 Stone Arrow              Conj/Erth      0%         3d7       100%        3
 Vampiric Draining        Necr           0%         2d6       100%        3
 Petrify                  Tmut/Erth      0%         N/A       100%        4
 Irradiate                Conj/Tmut      0%         3d11      100%        5


Dungeon Overview and Level Annotations

Branches:
Dungeon (10/15)            Temple (0/1) D:7             Orc (0/2) D:10
  Sewer (visited)
   Lair: D:8-11

Altars:
Cheibriados
Elyvilon
Fedhas
Okawaru


Message History

The slime creature is heavily wounded.
You barely miss the slime creature. You slash the slime creature!
You freeze the slime creature. You barely miss the wyvern.
The wyvern barely misses you. The slime creature hits you.
The wyvern bites you.
Two slime creatures merge to form a large slime creature.
You slice the slime creature!! You freeze the slime creature.
The slime creature is almost dead.
You hit the wyvern. You freeze the wyvern. You slash the large slime creature!
You freeze the large slime creature. You hit the slime creature.
You freeze the slime creature. The slime creature hits you.
The wyvern bites you but does no damage.
You block the slime creature's attack. The large slime creature hits you!!
You slash the slime creature! You freeze the slime creature.
You kill the slime creature!
Beogh accepts your kill.
You hit the slime creature. You freeze the slime creature.
You barely miss the wyvern. You slash the large slime creature!
You freeze the large slime creature. Beogh blesses you with reinforcements.
The wyvern barely misses you. The slime creature hits you.
Your Armour skill increases to level 10!
Your Shields skill increases to level 10!
Okay, then.
Aiming: Smiting
Press: ? - help, Dir - move target, f - wyvern Smite: a wyvern (moderately wounded, ally target)
You smite the wyvern!
The wyvern is severely wounded.
You can no longer recall your orcish followers.
The wyvern hisses menacingly.
You block the wyvern's attack. The large slime creature hits you!!
* * * LOW HITPOINT WARNING * * *
The slime creature hits you but does no damage.
The wyvern barely misses you.
Your orc priest barely misses the slime creature.
Your orc hits the large slime creature with a +3 flail!
Your orc barely misses the wyvern.
You feel yourself speed up. The large slime creature hits you!!
You die...

## ...........)# ....
#.#$.....#..#.# #..
...............
####.## .........>....
..... ...........#
#.#.# ......o.o#..##
###.#.##..# #J.l....#
..........# #
#J@o....# ......##..#
#.#oo.#...#
###.......#
#.#o......# #
#.##.##.# #........##
# #.##.##.# ###......#
###.##.##.# #....#.#
....##)##.# ###......#
######.##.###.....####
######.##.....#.###


You could see a large slime creature (ally target), a slime creature (ally
target), a wyvern (ally target), 2 friendly orc priests, a friendly orc wizard
and 3 friendly orcs.

Vanquished Creatures
  Erica (D:8)
  2 centaur warriors (D:9)
  Pikel (D:9)
  A deep elf pyromancer (D:7)
  A hornet (D:9)
  2 slime creatures
  5 yaks (D:9)
  A hog (shapeshifter) (D:9)
  3 steam dragons
  An ice beast (D:8)
  3 sky beasts (D:7)
  A black bear (D:4)
  2 ogres
  A phantom (D:5)
  4 bullfrogs
  2 necrophages
  A scorpion (D:6)
  8 wights
  6 killer bees
  5 howler monkeys
  6 orc priests
  A hound (D:7)
  A jelly (D:5)
  3 iguanas
  A hell rat (Sewer)
  8 orc wizards
  11 adders
  14 gnolls
  5 river rats (Sewer)
  A shadow imp (D:8)
  A white imp (D:7)
  29 orcs
  5 endoplasms
  12 giant cockroaches
  7 goblins
  4 hobgoblins
  3 jackals (D:1)
  2 quokkas
  7 ball pythons
  4 bats
  5 frilled lizards
  8 kobolds
  8 rats
197 creatures vanquished.

Vanquished Creatures (collateral kills)
  A two-headed ogre (D:9)
  A yak (D:9)
  A killer bee (D:9)
  A howler monkey (D:7)
  An orc priest (D:7)
5 creatures vanquished.

Vanquished Creatures (others)
  An orc knight (D:9)
  An orc wizard (D:7)
  2 orcs
  A fungus (D:1)
  12 plants
17 creatures vanquished.

Grand Total: 219 creatures vanquished

Notes
Turn   | Place    | Note
-------+----------+-------------------------------------------
     0 | D:1      | BigDaddyOpFi the Hill Orc Fighter began the quest for the
                  | Orb.
     0 | D:1      | Reached XP level 1. HP: 19/19 MP: 1/1
   468 | D:1      | Reached XP level 2. HP: 27/27 MP: 2/2
   473 | D:1      | Reached skill level 3 in Axes
   743 | D:1      | Found a faded altar of an unknown god.
  1187 | D:2      | Identified a scroll of acquirement
  1187 | D:2      | Acquired the +4 ring mail of Shielding {Regen+}
  1380 | D:2      | Reached XP level 3. HP: 33/33 MP: 3/3
  2039 | D:3      | Reached XP level 4. HP: 40/40 MP: 4/4
  2051 | D:3      | Reached skill level 4 in Axes
  2051 | D:3      | Reached XP level 5. HP: 23/47 MP: 5/5
  2063 | D:3      | Became a worshipper of Beogh the Brigand
  2532 | D:3      | Found a faded altar of an unknown god.
  2536 | D:3      | Found an iron altar of Okawaru.
  2814 | D:4      | Noticed a black bear
  2823 | D:4      | Killed a black bear
  2824 | D:4      | Reached skill level 5 in Fighting
  2824 | D:4      | Reached XP level 6. HP: 43/56 MP: 6/6
  2825 | D:4      | Reached * piety under Beogh
  2834 | D:4      | Reached skill level 5 in Axes
  2852 | D:4      | Reached skill level 5 in Armour
  2852 | D:4      | Reached skill level 5 in Shields
  2959 | D:4      | Reached XP level 7. HP: 44/61 MP: 7/7
  3701 | D:5      | Entered Level 5 of the Dungeon
  3760 | D:5      | Reached skill level 6 in Axes
  3855 | D:5      | Found a glowing drain.
  3926 | D:5      | Upgraded the game from 0.30-a0-722-g3e6e8c874d to
                  | 0.30-a0-728-gc68057be0a
  3930 | D:5      | Reached ** piety under Beogh
  4094 | Sewer    | Entered a sewer
  4171 | Sewer    | Reached XP level 8. HP: 70/70 MP: 8/8
  4769 | D:6      | Reached skill level 7 in Axes
  5233 | D:6      | Reached XP level 9. HP: 55/79 MP: 9/9
  5860 | D:6      | Reached skill level 8 in Axes
  5874 | D:6      | Reached *** piety under Beogh
  5992 | D:7      | Found a staircase to the Ecumenical Temple.
  6131 | D:7      | Found a white marble altar of Elyvilon.
  6577 | D:7      | Acquired 586 gold pieces
  6580 | D:7      | Acquired 1055 gold pieces
  6698 | D:7      | Noticed a deep elf pyromancer
  6709 | D:7      | Killed a deep elf pyromancer
  6710 | D:7      | Reached skill level 9 in Axes
  6793 | D:7      | Found a snail-covered altar of Cheibriados.
  7180 | D:8      | Reached XP level 10. HP: 91/91 MP: 10/10
  7307 | D:8      | Noticed Erica
  7321 | D:8      | Killed Erica
  8259 | D:9      | Reached skill level 10 in Axes
  8390 | D:9      | Noticed a two-headed ogre
  8396 | D:9      | Killed a two-headed ogre
  8469 | D:9      | Found a blossoming altar of Fedhas.
  8492 | D:9      | Reached skill level 10 in Fighting
  8667 | D:9      | Noticed a centaur warrior
  8668 | D:9      | Noticed a centaur warrior
  8679 | D:9      | Killed a centaur warrior
  8679 | D:9      | Reached **** piety under Beogh
  8680 | D:9      | Reached skill level 11 in Axes
  8690 | D:9      | Killed a centaur warrior
  8691 | D:9      | Reached XP level 11. HP: 35/101 MP: 11/11
  9117 | D:9      | Noticed Pikel
  9129 | D:9      | Killed Pikel
  9377 | D:10     | Entered Level 10 of the Dungeon
  9420 | D:10     | Identified the +4 rapier "Veakk" {heavy, rElec Str+3 Int+4
                  | Stlth+}
  9439 | D:10     | Found a staircase to the Orcish Mines.
  9450 | D:10     | Reached skill level 10 in Armour
  9450 | D:10     | Reached skill level 10 in Shields
  9451 | D:10     | Mangled by a large slime creature

Illustrated notes

Levels and vault maps discovered:
D:1:      dpeg_cavernosity, layout_loops_ring,
          shapermc_ecumenical_altar_mp_ritualfount, nicolae_figureground_pulse
D:2:      layout_loops_ring, minivault_5, minmay_goblin_kobold_house
D:3:      minmay_roachtagon, layout_basic, nicolae_overflow_ecumenical_swirl,
          serial_forest, infiniplex_forest_clump_tiny,
          infiniplex_forest_clump_C, infiniplex_forest_lined_1,
          infiniplex_forest_clump_small, infiniplex_forest_straight_2
D:4:      layout_basic
D:5:      layout_rooms, gup_sewer_entry_glass, serial_curves, eino_curves_02,
          eino_curves_03
D:6:      layout_basic
D:7:      layout_rooms, elyvilon_altar_5, lemuel_tele_altar,
          minmay_temple_entry_trees, kennysheep_cross_room,
          guppyfry_early_elven_hall
D:8:      layout_basic, uniq_erica
D:9:      minmay_bloctagon_deflated, layout_basic, fedhas_ov_isle_minmay,
          uniq_pikel
D:10:     layout_basic, mainiacjoe_overflow_24_doors, orc_0_dummy, uniq_harold

Skill      XL: |  1  2  3  4  5  6  7  8  9 10 11 |
---------------+----------------------------------+-----
Axes           | 3 4 5 6 7 9 11 | 11.5
Fighting       | 4 5 6 7 9 10 | 10.8
Armour         | 4 5 6 8 9 10 | 10.0
Shields        | 4 5 6 8 9 10 | 10.0

Action                     |  1- 3 |  4- 6 |  7- 9 | 10-12 || total
---------------------------+-------+-------+-------+-------++-------
  Melee: War axe           |   103 |   102 |   329 |   107 ||   641
 Invoke: Convert to Beogh  |       |     1 |       |       ||     1
         Smiting           |       |       |       |     1 ||     1
    Use: Scroll            |     1 |     1 |    18 |       ||    20
         Potion            |     1 |     2 |     4 |     6 ||    13
 Armour: Scale mail        |    28 |       |       |       ||    28
         Ring mail         |    21 |    83 |    48 |       ||   152
         Plate armour      |       |       |   168 |    70 ||   238
         Skin              |       |       |    13 |       ||    13
  Dodge: Dodged            |    51 |    65 |   128 |    80 ||   324
  Block: Buckler           |    24 |    39 |   103 |    42 ||   208

Table legend: (Time is in decaauts)
 A = Elapsed time spent in this place.
 B = Non-inter-level travel time spent in this place.
 C = Inter-level travel time spent in this place.
 D = Time resting spent in this place.
 E = Time spent auto-exploring this place.
 F = Levels seen in this place.
 G = Mean time per level.
                   A        B        C        D        E       F      G
               +--------+--------+--------+--------+--------+-----+--------+
         Total |   9575 |   9281 |    294 |   1473 |   6325 |  11 |  870.5 |
       Dungeon |   9416 |   9122 |    294 |   1473 |   6250 |  10 |  941.6 |
         Sewer |    158 |    158 |      0 |      0 |     75 |   1 |  158.0 |
               +--------+--------+--------+--------+--------+-----+--------+

Top non-repeatable levels by time:
     D:8: 1419 daAuts
     D:6: 1314 daAuts
     D:9: 1140 daAuts
     D:1: 1138 daAuts
     D:4: 1070 daAuts
     D:7: 853 daAuts
     D:5: 832 daAuts
     D:2: 798 daAuts
     D:3: 773 daAuts
   Sewer: 158 daAuts
    D:10: 73 daAuts
